 Dungeon Crawl Stone Soup version 0.26-a0-547-g695e311587 (webtiles) character file.

Game seed: 16574378656789553669

21 GeoCrane the Cutter (level 2, -1/26 HPs)
             Began as a Minotaur Berserker on Aug 20, 2020.
             Was a Follower of Trog.
             Killed by nerve-wracking pain
             ... invoked by Grinder
              (13 damage)
             ... on level 3 of the Dungeon.
             The game lasted 00:03:54 (741 turns).

GeoCrane the Cutter (Minotaur Berserker)             Turns: 741, Time: 00:03:55

Health: -1/26      AC:  2    Str: 21    XL:     2   Next: 62%
Magic:  1/1        EV: 12    Int:  4    God:    Trog [*.....]
Gold:   46         SH:  0    Dex:  9    Spells: 1/1 levels left

rFire    . . .     SeeInvis .   a - +0 short sword
rCold    . . .     Faith    .   (no shield)
rNeg     . . .     Spirit   .   b - +0 animal skin
rPois    .         Reflect  .   (helmet restricted)
rElec    .         Harm     .   (no cloak)
rCorr    .                      (no gloves)
MR       .....                  (no boots)
Stlth    +.........             (no amulet)
HPRegen  0.08/turn              (no ring)
MPRegen  0.07/turn              (no ring)

@: no status effects
A: retaliatory headbutt, horns 2
a: Berserk, Renounce Religion


You were on level 3 of the Dungeon.
You worshipped Trog.
Trog was aware of your devotion.
You visited 1 branch of the dungeon, and saw 3 of its levels.

You collected 46 gold pieces.

Inventory:

Hand Weapons
 a - a +0 short sword (weapon)
Armour
 b - a +0 animal skin (worn)
Jewellery
 h - an uncursed ring of flight {unknown}
Scrolls
 c - 2 scrolls of magic mapping {unknown}
 d - a scroll of fear {unknown}
 f - 3 scrolls of identify {unknown}
 g - 3 scrolls of teleportation {unknown}
 i - a scroll of remove curse {unknown}
 j - a scroll of enchant armour {unknown}
Potions
 e - 2 potions of curing {unknown}
 k - a potion of degeneration {unknown}


   Skills:
 - Level 3.6 Fighting
 * Level 4.4 Short Blades
 - Level 2.4 Armour
 - Level 2.1 Dodging


You had one spell level left.
You didn't know any spells.
Your spell library was empty.

Dungeon Overview and Level Annotations

Branches:
Dungeon (3/15)

Altars:
Fedhas

Annotations:
D:3 Grinder


Innate Abilities, Weirdness & Mutations

You reflexively headbutt those who attack you in melee.
You have a pair of horns on your head.


Message History

a rat corpse; a leopard gecko corpse
Found a stone staircase leading up.
Found a dagger.
Grinder comes into view.
Found a scroll labeled UNKAANWEOBO.
Press: ? - help, v - describe, . - travel
Here: Grinder The floor.
Grinder says, "I used to sell toenails on the black market."
Grinder gestures at you. Pain shoots through your body!
Ouch! That really hurt!
* * * LOW HITPOINT WARNING * * *
Grinder says, "There's only one good use for a tongue: cutting it out."
Grinder gestures at you.
You barely resist. Grinder gestures at you. Pain shoots through your body!
Ouch! That really hurt!
You die...

#.....# #.....#
#?#.#.##### #5#.....#
#.#####5###### #.
#.........#
..##.........#
###.........)#.#
#.......@....#
#####..........###
#.###................#
#..................#.#
#####.####......<..#.#
#####.# #.........# #
......####.........#
........#######.....
#######...(.#####


You could see Grinder.

Vanquished Creatures
  A worm (D:3)
  2 leopard geckos
  A goblin (D:3)
  3 hobgoblins (D:2)
  3 bats (D:2)
  3 kobolds
  2 rats
15 creatures vanquished.

Notes
Turn   | Place    | Note
-------+----------+-------------------------------------------
     0 | D:1      | GeoCrane the Minotaur Berserker began the quest for the
                  | Orb.
     0 | D:1      | Reached XP level 1. HP: 19/19 MP: 0/0
     3 | D:1      | You fall into a shaft and drop 1 floor!
   323 | D:2      | Reached skill level 4 in Short Blades
   323 | D:2      | Reached XP level 2. HP: 19/26 MP: 1/1
   430 | D:2      | Found a blossoming altar of Fedhas.
   732 | D:3      | Noticed Grinder
   741 | D:3      | Killed from afar by Grinder

Illustrated notes

Levels and vault maps discovered:
D:1:      minmay_arrival_solitary_statue, layout_basic, serial_park_tiny_1,
          dk_noncrumbling_4
D:2:      layout_rooms, fedhas_ov_isle_minmay
D:3:      layout_basic, lemuel_crystal_altar, uniq_jessica, uniq_grinder,
          uniq_ijyb

Skill      XL: |  1 |
---------------+----+-----
Short Blades   | 4 |  4.4
Fighting       | |  3.6
Armour         | |  2.4
Dodging        | |  2.1

Action                   || total
-------------------------++-------
Melee: Short sword       ||    33
       Headbutt          ||     5
Armor: Animal skin       ||     5
Dodge: Dodged            ||    14

Table legend: (Time is in decaauts)
 A = Elapsed time spent in this place.
 B = Non-inter-level travel time spent in this place.
 C = Inter-level travel time spent in this place.
 D = Time resting spent in this place.
 E = Time spent auto-exploring this place.
 F = Levels seen in this place.
 G = Mean time per level.
                   A        B        C        D        E       F      G
               +--------+--------+--------+--------+--------+-----+--------+
         Total |    737 |    737 |      0 |      0 |    649 |   3 |  245.7 |
       Dungeon |    737 |    737 |      0 |      0 |    649 |   3 |  245.7 |
               +--------+--------+--------+--------+--------+-----+--------+

Top non-repeatable levels by time:
     D:2: 624 daAuts
     D:3: 110 daAuts
     D:1: 3 daAuts
